 Dungeon Crawl Stone Soup version 0.25-a0-2-g6559c6c67a (webtiles) character file.

Game seed: 5304544499012681215, levelgen mode: deterministic

403 Ablot the Charmwright (level 6, -5/51 HPs)
             Began as a Gnoll Skald on Oct 14, 2019.
             Killed from afar by Natasha (8 damage)
             ... with a magic dart
             ... in the Ecumenical Temple.
             The game lasted 00:06:18 (3270 turns).

Ablot the Charmwright (Gnoll Skald)                 Turns: 3270, Time: 00:06:18

Health: -5/51      AC:  3    Str: 15    XL:     6   Next: 86%
Magic:  2/14       EV: 14    Int: 15    God:
Gold:   102        SH:  0    Dex: 13    Spells: 4/15 levels left

rFire    . . .     SeeInvis .   a - +0 spear
rCold    . . .     Gourm    .   (no shield)
rNeg     . . .     Faith    .   f - +0 leather armour (curse)
rPois    .         Spirit   .   (no helmet)
rElec    .         Reflect  .   (no cloak)
rCorr    .         Harm     .   (no gloves)
MR       .....                  (no boots)
Stlth    ++........             (no amulet)
HPRegen  1.17/turn              j - -2 ring of dexterity (curse)
MPRegen  0.14/turn              (no ring)

@: shrouded, regenerating
A: distributed training, fangs 1, strong nose
a: no special abilities


You were in the Ecumenical Temple.
You were hungry.

You visited 2 branches of the dungeon, and saw 5 of its levels.

You collected 102 gold pieces.

Inventory:

Hand Weapons
 a - a +0 spear (weapon)
Missiles
 c - 174 stones (quivered)
 g - 16 sling bullets
 v - 24 poisoned darts
Armour
 f - a cursed +0 leather armour (worn)
 m - a +0 buckler
Jewellery
 j - a cursed -2 ring of dexterity (left hand)
Scrolls
 b - 3 scrolls of remove curse {unknown}
 h - a scroll of blinking {unknown}
 i - 2 scrolls of identify {unknown}
 o - a scroll of fear {unknown}
 r - a scroll of immolation {unknown}
 t - a scroll of teleportation {unknown}
 x - a scroll of amnesia {unknown}
 y - 2 scrolls of enchant weapon {unknown}
Potions
 e - a potion of berserk rage {unknown}
 k - a potion of cancellation {unknown}
 l - 2 potions of lignification {unknown}
 n - a potion of resistance {unknown}
 p - a potion of heal wounds {unknown}
 q - a potion of invisibility {unknown}
 u - 3 potions of curing {unknown}
 w - a potion of haste {unknown}
 z - a potion of might {unknown}
Comestibles
 d - 8 rations
 s - a chunk of flesh


   Skills:
 + Level 5.0 Fighting
 + Level 2.1 Short Blades
 + Level 2.1 Long Blades
 + Level 2.1 Axes
 + Level 2.1 Maces & Flails
 + Level 5.0 Polearms
 + Level 2.1 Staves
 + Level 2.1 Slings
 + Level 2.1 Bows
 + Level 2.1 Crossbows
 + Level 2.1 Throwing
 + Level 3.3 Armour
 + Level 5.0 Dodging
 + Level 2.1 Stealth
 + Level 2.1 Shields
 + Level 2.1 Unarmed Combat
 + Level 5.4 Spellcasting
 + Level 1.6 Conjurations
 + Level 1.6 Hexes
 + Level 5.7 Charms
 + Level 1.6 Summonings
 + Level 1.6 Necromancy
 + Level 1.6 Translocations
 + Level 1.6 Transmutations
 + Level 1.6 Fire Magic
 + Level 1.6 Ice Magic
 + Level 1.6 Air Magic
 + Level 1.6 Earth Magic
 + Level 1.6 Poison Magic
 + Level 2.3 Invocations
 + Level 2.1 Evocations


You had 4 spell levels left.
You knew the following spells:

 Your Spells              Type           Power        Failure   Level  Hunger
a - Infusion              Chrm           ###.         1%          1    None
b - Song of Slaying       Chrm           ###.....     2%          2    #......
c - Shroud of Golubria    Chrm/Tloc      ###...       6%          2    #......
d - Regeneration          Chrm/Necr      ###.......   13%         3    ###....
e - Spectral Weapon       Hex/Chrm       ###.....     13%         3    ###....

Your spell library contained the following spells:

 Spells                   Type           Power        Failure   Level  Hunger


Dungeon Overview and Level Annotations

Branches:
Dungeon (4/15)             Temple (1/1) D:4

Altars:
Elyvilon
The Shining One

Annotations:
Temple Natasha


Innate Abilities, Weirdness & Mutations

Your experience applies equally to all skills.
You have very sharp teeth.
Your uncanny sense of smell can sniff out nearby items.


Message History

Natasha closely misses you.
You hit Natasha.
Natasha is almost dead.
You barely miss Natasha.
Natasha is almost dead.
Natasha casts a spell at you. The magic dart hits you.
* * * LOW HITPOINT WARNING * * *
Unknown command.
You closely miss Natasha. You bite Natasha.
Natasha is almost dead.
Your skin stops crawling.
Natasha misses you.
Unknown command.
Casting: Shroud of Golubria (safe; 6% risk of failure)
Confirm with . or Enter, or press ? or * to list all spells.
Your skin crawls.
Natasha casts a spell at you. The magic dart hits you!
You die...

###++##
#....8#
#h...+
#@..+
##†.#
#.# ##


You could see Natasha.

Vanquished Creatures
  An ogre (D:4)
  A howler monkey (D:4)
  An orc wizard (D:4)
  Natasha (twice) (D:4)
  7 adders
  A gnoll (D:1)
  3 river rats (D:3)
  2 oozes
  A worm (D:3)
  2 dart slugs
  2 leopard geckos
  7 orcs
  8 giant cockroaches
  2 goblins (D:1)
  5 hobgoblins
  10 kobolds
  3 quokkas
  2 ball pythons
  6 bats
  6 frilled lizards
  11 rats
83 creatures vanquished.

Notes
Turn   | Place    | Note
-------+----------+-------------------------------------------
     0 | D:1      | Ablot the Gnoll Skald began the quest for the Orb.
     0 | D:1      | Reached XP level 1. HP: 20/20 MP: 6/6
   247 | D:1      | Reached XP level 2. HP: 24/26 MP: 7/7
   251 | D:1      | Learned a level 2 spell: Song of Slaying
   254 | D:1      | Learned a level 2 spell: Shroud of Golubria
   497 | D:1      | Reached XP level 3. HP: 29/31 MP: 9/9
   502 | D:1      | Learned a level 3 spell: Regeneration
   506 | D:1      | Learned a level 3 spell: Spectral Weapon
   588 | D:1      | Reached skill level 5 in Spellcasting
  1182 | D:2      | Reached skill level 1 in Invocations
  1258 | D:2      | Found a glowing golden altar of the Shining One.
  1397 | D:2      | Reached skill level 1 in Short Blades
  1397 | D:2      | Reached skill level 1 in Long Blades
  1397 | D:2      | Reached skill level 1 in Axes
  1397 | D:2      | Reached skill level 1 in Maces & Flails
  1397 | D:2      | Reached skill level 1 in Staves
  1397 | D:2      | Reached skill level 1 in Slings
  1397 | D:2      | Reached skill level 1 in Bows
  1397 | D:2      | Reached skill level 1 in Crossbows
  1397 | D:2      | Reached skill level 1 in Throwing
  1397 | D:2      | Reached skill level 1 in Stealth
  1397 | D:2      | Reached skill level 1 in Shields
  1397 | D:2      | Reached skill level 1 in Unarmed Combat
  1397 | D:2      | Reached skill level 1 in Evocations
  1397 | D:2      | Reached XP level 4. HP: 38/38 MP: 4/11
  2214 | D:3      | Found a white marble altar of Elyvilon.
  2362 | D:3      | Reached skill level 1 in Conjurations
  2362 | D:3      | Reached skill level 1 in Hexes
  2362 | D:3      | Reached skill level 1 in Summonings
  2362 | D:3      | Reached skill level 1 in Necromancy
  2362 | D:3      | Reached skill level 1 in Translocations
  2362 | D:3      | Reached skill level 1 in Transmutations
  2362 | D:3      | Reached skill level 1 in Fire Magic
  2362 | D:3      | Reached skill level 1 in Ice Magic
  2362 | D:3      | Reached skill level 1 in Air Magic
  2362 | D:3      | Reached skill level 1 in Earth Magic
  2362 | D:3      | Reached skill level 1 in Poison Magic
  2517 | D:3      | Reached XP level 5. HP: 20/43 MP: 1/12
  2550 | D:3      | HP: 1/43 [river rat (7)]
  3134 | D:4      | Found a staircase to the Ecumenical Temple.
  3139 | D:4      | Noticed an ogre
  3140 | D:4      | Noticed Natasha
  3166 | D:4      | Killed Natasha
  3178 | D:4      | Killed an ogre
  3178 | D:4      | Reached XP level 6. HP: 31/50 MP: 10/14
  3186 | D:4      | Noticed Natasha
  3206 | D:4      | Killed Natasha
  3206 | D:4      | Reached skill level 5 in Fighting
  3206 | D:4      | Reached skill level 5 in Polearms
  3206 | D:4      | Reached skill level 5 in Dodging
  3240 | D:4      | Noticed Natasha
  3251 | Temple   | Entered the Ecumenical Temple
  3261 | Temple   | HP: 2/51 [Natasha (6)]
  3268 | Temple   | HP: 2/51 [Natasha/magic dart (4)]
  3270 | Temple   | Killed from afar by Natasha

Levels and vault maps discovered:
D:1:      onia_arrival_mini_maze, layout_basic, roderic_nine_men_s_morris
D:2:      layout_loops_cross, nicolae_tso_swordbearing_angel
D:3:      layout_rooms, elyvilon_altar_3, lightli_sewer_entry_pipes
D:4:      layout_layer_cave, minmay_temple_entry_statues, serial_shops, shop,
          first_ration, minmay_a_box_with_orc_wizards_in_it, uniq_natasha
Temple:   grunt_temple_mini_profane

Skill      XL: |  1  2  3  4  5  6 |
---------------+-------------------+-----
Spellcasting   | 5 |  5.4
Invocations    | 1 2 |  2.3
Short Blades   | 1 2 |  2.1
Long Blades    | 1 2 |  2.1
Axes           | 1 2 |  2.1
Maces & Flails | 1 2 |  2.1
Staves         | 1 2 |  2.1
Slings         | 1 2 |  2.1
Bows           | 1 2 |  2.1
Crossbows      | 1 2 |  2.1
Throwing       | 1 2 |  2.1
Stealth        | 1 2 |  2.1
Shields        | 1 2 |  2.1
Unarmed Combat | 1 2 |  2.1
Evocations     | 1 2 |  2.1
Conjurations   | 1 |  1.6
Hexes          | 1 |  1.6
Summonings     | 1 |  1.6
Necromancy     | 1 |  1.6
Translocations | 1 |  1.6
Transmutations | 1 |  1.6
Fire Magic     | 1 |  1.6
Ice Magic      | 1 |  1.6
Air Magic      | 1 |  1.6
Earth Magic    | 1 |  1.6
Poison Magic   | 1 |  1.6
Armour         | 3 |  3.3
Fighting       | 5 |  5.0
Polearms       | 5 |  5.0
Dodging        | 5 |  5.0
Charms         | |  5.7

Action                   |  1- 3 |  4- 6 || total
-------------------------+-------+-------++-------
Melee: Spear             |   108 |   276 ||   384
       Bite              |     5 |    19 ||    24
       Punch             |       |     4 ||     4
 Cast: Shroud of Golubri |     2 |    16 ||    18
       Infusion          |     2 |     2 ||     4
       Regeneration      |       |     9 ||     9
       Spectral Weapon   |       |     1 ||     1
 Stab: Sleeping          |     6 |       ||     6
  Eat: Chunk             |     2 |     7 ||     9
Armor: Leather armour    |    10 |    42 ||    52
Dodge: Dodged            |    48 |   209 ||   257

Table legend:
 A = Non-vault XP
 B = Vault XP
 C = Vault XP percentage of total XP
 D = Non-vault monster count
 E = Vault monster count
 F = Vault count percentage of total count
                 A         B        C        D         E       F
            +---------+---------+-------+---------+---------+-------
      Total |     440 |     136 |  23.6 |      71 |      12 |  14.5
            +---------+---------+-------+---------+---------+-------
        D:1 |      56 |       0 |   0.0 |      24 |       0 |   0.0
        D:2 |      41 |       0 |   0.0 |      17 |       0 |   0.0
        D:3 |      44 |     101 |  69.7 |      16 |      11 |  40.7
        D:4 |     298 |      35 |  10.5 |      13 |       1 |   7.1
     Temple |       1 |       0 |   0.0 |       1 |       0 |   0.0
            +---------+---------+-------+---------+---------+-------
